[Event "WYCC 2018 O16"]
[Site "Halkidiki"]
[Date "2018.10.27"]
[Round "8"]
[White "Katopodis, Dimitrios"]
[Black "Lund, Gunnar"]
[Result "1-0"]
[ECO "A40"]
[WhiteElo "2310"]
[BlackElo "2227"]
[Annotator "NA"]
[PlyCount "93"]
[EventDate "2018.10.20"]
[EventType "swiss"]
[EventCountry "GRE"]
[SourceTitle "playchess.com"]
[Source "ChessBase"]
[SourceQuality "1"]
[TimeControl "40/5400+30:1800+30"]

1. d4 g6 2. e4 d6 3. Nf3 Nf6 4. Bd3 Bg7 5. h3 O-O 6. O-O c6 7. Re1 Qc7 8. e5 dxe5 9. dxe5 Nd5 10. a3 Nd7 11. c4 N5b6 12. Qe2 Nc5 13. Bc2 a5 14. Be3 Nbd7 15. Nc3 b6 16. Bf4 a4 17. Rad1 Ne6 18. Bc1 Ndc5 19. Ne4 Nxe4 20. Qxe4 Bb7 21. Ng5 Nxg5 22. Bxg5 Bc8 23. Qe3 Be6 24. c5 b5 25. f4 Bd5 26. f5 f6 27. Bf4 fxe5 28. Bxe5 Bxe5 29. Qxe5 Qxe5 30. Rxe5 gxf5 31. Bxf5 Rf6 32. Rde1 Re8 33. Bd7 Ref8 34. Rxe7 Rf2 35. R7e2 Rxe2 36. Rxe2 Rd8 37. Re8+ Rxe8 38. Bxe8 Kg7 39. Kf2 Kf6 40. g4 Ke5 41. Ke3 Bg2 42. h4 Kd5 43. g5 Kxc5 44. h5 Bd5 45. g6 hxg6 46. hxg6 Be6 47. Bf7 1-0

[Event "WYCC 2018 O16"]
[Site "Halkidiki"]
[Date "2018.10.27"]
[Round "8"]
[White "Mis, Mieszko"]
[Black "Carlsson, Ludvig"]
[Result "0-1"]
[ECO "D71"]
[WhiteElo "2307"]
[BlackElo "2058"]
[Annotator "NA"]
[PlyCount "92"]
[EventDate "2018.10.20"]
[EventType "swiss"]
[EventCountry "GRE"]
[SourceTitle "playchess.com"]
[Source "ChessBase"]
[SourceQuality "1"]
[TimeControl "40/5400+30:1800+30"]

1. c4 g6 2. d4 Nf6 3. g3 c5 4. d5 d6 5. Bg2 b5 6. cxb5 a6 7. b6 Qxb6 8. Nf3 Bg7 9. O-O a5 10. e4 O-O 11. e5 Ng4 12. e6 fxe6 13. Nc3 e5 14. Ng5 Nf6 15. h3 h6 16. Nf3 e4 17. Nd2 e3 18. fxe3 Ba6 19. Rf2 Nbd7 20. Nf3 Kh7 21. Qc2 Rab8 22. Rb1 Qb4 23. Bd2 Qb7 24. e4 Nh5 25. Kh2 Ne5 26. g4 Bd3 27. Qd1 Bxb1 28. gxh5 Qxb2 29. hxg6+ Nxg6 30. Be1 Qxf2 31. Bxf2 Bxc3 32. Bg3 Rb2 33. Kh1 Rxg2 34. Kxg2 Bxe4 35. Qa4 Bxf3+ 36. Kh2 Bxd5 37. Qd7 Rf7 38. h4 Ne5 39. Qe8 Bxa2 40. h5 Bb3 41. Qa8 Ng4+ 42. Kh3 Nf6 43. Qf3 Be6+ 44. Kh4 Nd5 45. Qe4+ Bf5 46. Qxd5 Bf6# 0-1

[Event "WYCC 2018 O16"]
[Site "Halkidiki"]
[Date "2018.10.27"]
[Round "8"]
[White "Milosevic, Milos"]
[Black "Shubin, Kirill"]
[Result "1-0"]
[ECO "C03"]
[WhiteElo "2306"]
[BlackElo "2369"]
[Annotator "NA"]
[PlyCount "61"]
[EventDate "2018.10.20"]
[EventType "swiss"]
[EventCountry "GRE"]
[SourceTitle "playchess.com"]
[Source "ChessBase"]
[SourceQuality "1"]
[TimeControl "40/5400+30:1800+30"]

1. e4 e6 2. d4 d5 3. Nd2 Nc6 4. c3 Nf6 5. e5 Nd7 6. Bd3 Ne7 7. Ne2 h5 8. Nf3 c5 9. a3 g6 10. Bg5 $16 Qc7 11. b4 b6 12. O-O Bb7 13. Rb1 Bg7 14. Qd2 c4 15. Bc2 Nf8 16. a4 a6 17. Qf4 Nh7 18. Bh4 Ng8 19. Qg3 Nf8 20. Nf4 Qd7 21. Rfe1 Bh6 22. Re2 Ne7 23. Bf6 Rg8 24. Qh4 Bc6 25. a5 bxa5 26. bxa5 Bb5 27. Ng5 Bg7 28. Qh3 Nc6 29. Nxd5 exd5 30. e6 fxe6 31. Rxe6+ 1-0

[Event "WYCC 2018 O16"]
[Site "Halkidiki"]
[Date "2018.10.27"]
[Round "8"]
[White "Travadon, Loic"]
[Black "Velkovski, Kristijan"]
[Result "1-0"]
[ECO "A06"]
[WhiteElo "2293"]
[BlackElo "1887"]
[Annotator "NA"]
[PlyCount "109"]
[EventDate "2018.10.20"]
[EventType "swiss"]
[EventCountry "GRE"]
[SourceTitle "playchess.com"]
[Source "ChessBase"]
[SourceQuality "1"]
[TimeControl "40/5400+30:1800+30"]

1. Nf3 d5 2. g3 Nf6 3. Bg2 e6 4. O-O Be7 5. c4 c6 6. b3 O-O 7. Bb2 Nbd7 8. d3 b6 9. e4 Bb7 10. e5 Ne8 11. Qe2 g6 12. h4 $14 Ng7 13. Nbd2 Rc8 14. Rad1 Re8 15. Rfe1 f5 16. exf6 Bxf6 17. Bxf6 Qxf6 18. Bh3 Re7 19. Nh2 Nf5 20. Bxf5 Qxf5 21. Ng4 Kg7 22. Ne3 Qf7 23. Nf3 h6 24. Ng4 Rf8 25. Nd4 e5 26. f4 e4 27. cxd5 cxd5 28. dxe4 Rxe4 29. Qb2 Kh7 30. Rxe4 dxe4 31. Qd2 Nf6 32. Nxf6+ Qxf6 33. Nc2 Rf7 34. Ne3 Qe6 35. Kg2 Bc8 36. Rh1 Rd7 37. Qc1 Rd3 38. Kf2 Qd7 39. Rd1 h5 40. Rxd3 exd3 41. Ke1 Ba6 42. Kd2 Qb7 43. f5 gxf5 44. Qf1 Qe4 45. Qxf5+ Qxf5 46. Nxf5 Bb5 47. Nd6 Bc6 48. Kxd3 Kg6 49. Ke3 a6 50. Nc8 Kf6 51. Nxb6 Kf5 52. Nc4 Bd5 53. Nd2 Kg4 54. Kf2 a5 55. Nc4 1-0

[Event "WYCC 2018 O16"]
[Site "Halkidiki"]
[Date "2018.10.27"]
[Round "8"]
[White "Peng, Hongchi"]
[Black "Koustav Chatterjee"]
[Result "0-1"]
[ECO "C11"]
[WhiteElo "2273"]
[BlackElo "2344"]
[Annotator "NA"]
[PlyCount "108"]
[EventDate "2018.10.20"]
[EventType "swiss"]
[EventCountry "GRE"]
[SourceTitle "playchess.com"]
[Source "ChessBase"]
[SourceQuality "1"]
[TimeControl "40/5400+30:1800+30"]

1. e4 e6 2. d4 d5 3. Nc3 Nf6 4. e5 Nfd7 5. f4 c5 6. Nf3 Nc6 7. Be3 cxd4 8. Nxd4 Bc5 9. Qd2 O-O 10. O-O-O a6 11. Kb1 Nxd4 12. Bxd4 b5 13. Bxc5 Nxc5 14. Qd4 Qb6 15. Ne2 $15 (15. f5 $5) 15... b4 16. Nc1 Rb8 17. Bd3 a5 18. Nb3 Nxb3 19. Qxb6 Nd2+ 20. Rxd2 Rxb6 21. Rc1 Bb7 22. c3 b3 23. axb3 Rxb3 24. Kc2 Rb6 25. Ra1 Ra8 26. Kc1 d4 27. cxd4 Rb4 28. f5 g6 29. fxe6 fxe6 30. Bc2 a4 31. Ra3 Bd5 32. Kb1 Bc6 33. Rc3 Bd5 34. Ka1 Rf8 35. Bd1 Rf1 36. Rc1 Rc4 37. Rxc4 Bxc4 38. b4 Bb3 39. d5 Rxd1+ 40. Rxd1 Bxd1 41. d6 Kf8 42. b5 Be2 43. b6 Ba6 44. Kb2 Bb7 45. g4 Ke8 46. Ka3 Bc6 47. h4 Kd7 48. b7 Bxb7 49. Kxa4 Kc6 50. Kb4 Kb6 51. Kc4 Bc6 52. Kd4 Kb5 53. Ke3 Kc5 54. Kf4 h6 0-1

[Event "WYCC 2018 O16"]
[Site "Halkidiki"]
[Date "2018.10.27"]
[Round "8"]
[White "Mukhutdinov, Tigran"]
[Black "Kalavannan, Koby"]
[Result "1/2-1/2"]
[ECO "B23"]
[WhiteElo "2256"]
[BlackElo "2365"]
[Annotator "NA"]
[PlyCount "160"]
[EventDate "2018.10.20"]
[EventType "swiss"]
[EventCountry "GRE"]
[SourceTitle "playchess.com"]
[Source "ChessBase"]
[SourceQuality "1"]
[TimeControl "40/5400+30:1800+30"]

1. e4 c5 2. Nc3 g6 3. f4 Bg7 4. Nf3 Nc6 5. Bb5 Nd4 6. Bd3 d6 7. Nxd4 cxd4 8. Ne2 Nf6 9. c3 dxc3 10. dxc3 Qb6 11. Qb3 Qxb3 12. axb3 O-O 13. O-O Bd7 14. Nd4 e5 15. Nf3 Rfe8 16. fxe5 dxe5 17. Ra5 Bc6 18. Re1 Nd7 19. Bb5 Bxb5 20. Rxb5 b6 21. Rd5 Nc5 22. b4 Ne6 23. Be3 f5 24. Ra1 fxe4 25. Nd2 Nf4 26. Rd7 a5 27. g3 Nd3 28. Nxe4 Nxb2 29. Bxb6 a4 30. Rc7 Rec8 31. Rxc8+ Rxc8 32. Bc5 Ra8 33. Ra2 Nc4 34. Kf2 Kf7 35. Ke2 Ke6 36. Kd3 Kd5 37. Be7 a3 38. Nd2 Nxd2 39. Kxd2 Kc4 40. Kc2 e4 41. b5 e3 42. Bg5 e2 43. Bd2 Bh6 44. Be1 Rd8 45. Rxa3 Rd1 46. Ra4+ Kxb5 47. Rb4+ Ka5 48. Rb1 Rxb1 49. Kxb1 Kb5 50. Kc2 Kc4 51. g4 Bf4 52. h3 h6 53. Bf2 Bg5 54. Bg3 Be3 55. Be1 Bg5 56. Bg3 Bf4 57. Bf2 g5 58. Be1 Be5 59. Kd2 Bxc3+ 60. Kxe2 Bxe1 61. Kxe1 Kd3 62. Kf2 Kd2 63. Kg3 Ke3 64. h4 Ke4 65. hxg5 hxg5 66. Kf2 Kf4 67. Kg1 Kg3 68. Kf1 Kh2 69. Kf2 Kh3 70. Kf3 Kh4 71. Kf2 Kh3 72. Kf3 Kh4 73. Kf2 Kxg4 74. Kg2 Kf4 75. Kf2 g4 76. Kg2 g3 77. Kg1 Kg4 78. Kg2 Kh4 79. Kg1 Kh3 80. Kh1 g2+ 1/2-1/2

[Event "WYCC 2018 O16"]
[Site "Halkidiki"]
[Date "2018.10.27"]
[Round "8"]
[White "Quirhuayo Chumbe, German Gonzalo"]
[Black "Teclaf, Pawel"]
[Result "1/2-1/2"]
[ECO "B11"]
[WhiteElo "2220"]
[BlackElo "2384"]
[Annotator "NA"]
[PlyCount "76"]
[EventDate "2018.10.20"]
[EventType "swiss"]
[EventCountry "GRE"]
[SourceTitle "playchess.com"]
[Source "ChessBase"]
[SourceQuality "1"]
[TimeControl "40/5400+30:1800+30"]

1. e4 c6 2. Nc3 d5 3. Nf3 Bg4 4. h3 Bxf3 5. Qxf3 Nf6 6. d3 e6 7. Bd2 Qb6 8. O-O-O d4 9. Ne2 c5 10. g4 Nc6 11. g5 Nd7 12. Qg3 O-O-O 13. Kb1 h6 14. h4 Bd6 15. Qg1 hxg5 16. Bxg5 Rdg8 17. Bc1 Qd8 18. Bg5 Qb6 19. Bc1 g6 20. f4 Be7 21. h5 Qd8 22. hxg6 Rxg6 23. Rxh8 Qxh8 24. Qf2 Qh1 25. Qe1 Rg8 26. c3 Kb8 27. b3 Qf3 28. Bb2 dxc3 29. Bxc3 Nf6 30. Qd2 Nh5 31. Kb2 Rd8 32. a3 a5 33. Ka2 b6 34. Kb2 Bf8 35. f5 exf5 36. exf5 Qxf5 37. Bg2 Ne5 38. Be4 Qf6 1/2-1/2

[Event "WYCC 2018 O16"]
[Site "Halkidiki"]
[Date "2018.10.27"]
[Round "8"]
[White "Wang, Yanbin"]
[Black "Mitsis, Georgios"]
[Result "1-0"]
[ECO "B92"]
[WhiteElo "2220"]
[BlackElo "2350"]
[Annotator "NA"]
[PlyCount "69"]
[EventDate "2018.10.20"]
[EventType "swiss"]
[EventCountry "GRE"]
[SourceTitle "playchess.com"]
[Source "ChessBase"]
[SourceQuality "1"]
[TimeControl "40/5400+30:1800+30"]

1. Nf3 c5 2. e4 d6 3. d4 Nf6 4. Nc3 cxd4 5. Nxd4 a6 6. Be2 e5 7. Nb3 Be7 8. O-O Be6 9. f4 Qc7 10. f5 Bc4 11. a4 Nbd7 12. Be3 Rc8 13. Kh1 O-O 14. a5 Bxe2 15. Qxe2 d5 16. exd5 Bb4 17. Bb6 Nxb6 18. axb6 Qxb6 19. Ne4 Nxd5 20. f6 g6 21. c3 Nf4 22. Qf2 Qxf2 23. Rxf2 Nd3 24. Rd2 Nc5 25. Nbxc5 Bxc5 26. Rd7 b5 27. Rxa6 b4 28. g3 bxc3 29. bxc3 Be3 30. Kg2 Rfd8 31. Re7 h6 32. Nd6 Rxc3 33. Nxf7 Rdc8 34. Nxe5 R3c7 35. f7+ 1-0

[Event "WYCC 2018 O16"]
[Site "Halkidiki"]
[Date "2018.10.27"]
[Round "8"]
[White "Sargsyan, Tigran R."]
[Black "Kaasen, Tor Fredrik"]
[Result "1/2-1/2"]
[ECO "E15"]
[WhiteElo "2218"]
[BlackElo "2388"]
[Annotator "NA"]
[PlyCount "145"]
[EventDate "2018.10.20"]
[EventType "swiss"]
[EventCountry "GRE"]
[SourceTitle "playchess.com"]
[Source "ChessBase"]
[SourceQuality "1"]
[TimeControl "40/5400+30:1800+30"]

1. d4 Nf6 2. c4 e6 3. Nf3 b6 4. g3 Ba6 5. b3 d5 6. Bg2 Bb4+ $11 {[%emt 0:00:29] LiveBook: 224 Games} 7. Bd2 Bd6 8. Qc2 O-O 9. Nc3 Nbd7 10. e4 dxe4 11. Ng5 Bb7 12. Ngxe4 Nxe4 13. Nxe4 Rb8 14. O-O Be7 15. Bf4 Nf6 16. Rad1 Nxe4 17. Bxe4 Bxe4 18. Qxe4 Bd6 19. Be3 Re8 20. Qc6 Bf8 21. Bf4 Bd6 22. Be3 Bf8 23. c5 Rc8 24. d5 exd5 25. Rxd5 Qe7 26. Rd7 Qe6 27. Qxe6 Rxe6 28. Rfd1 bxc5 29. Rd8 Rxd8 30. Rxd8 Rc6 31. Rc8 f6 32. Bf4 Ra6 33. a4 g5 34. Be3 Rc6 35. f4 h6 36. fxg5 fxg5 37. h4 gxh4 38. gxh4 Kf7 39. Bf4 Rg6+ 40. Kf2 Bd6 41. Bxd6 cxd6 42. Rc7+ Ke6 43. Rxa7 Rg4 44. h5 Rh4 45. Ke2 Rxh5 46. Kd3 Kd5 47. Rh7 Rh3+ 48. Kc2 Kd4 49. Kb2 Rh2+ 50. Ka3 Kc3 51. Rg7 Rh1 52. Rg3+ Kd4 53. Kb2 Rh2+ 54. Ka3 Kd5 55. Rg6 Kc6 56. a5 Rd2 57. Rxh6 Kb5 58. Rh5 d5 59. Rh4 d4 60. Rh5 Rc2 61. Rd5 Rc3 62. a6 Kxa6 63. Ka4 Rc1 64. Rd6+ Kb7 65. b4 c4 66. Rxd4 Kc6 67. Ka3 Rc3+ 68. Kb2 Rb3+ 69. Kc2 Rxb4 70. Rh4 Ra4 71. Kc3 Ra3+ 72. Kb4 Rb3+ 73. Kxc4 1/2-1/2

[Event "WYCC 2018 O16"]
[Site "Halkidiki"]
[Date "2018.10.27"]
[Round "8"]
[White "Petkov, Matey"]
[Black "Lianes Garcia, Marcos"]
[Result "1-0"]
[ECO "A45"]
[WhiteElo "2164"]
[BlackElo "2376"]
[Annotator "NA"]
[PlyCount "119"]
[EventDate "2018.10.20"]
[EventType "swiss"]
[EventCountry "GRE"]
[SourceTitle "playchess.com"]
[Source "ChessBase"]
[SourceQuality "1"]
[TimeControl "40/5400+30:1800+30"]

1. d4 Nf6 2. Bg5 d5 3. Bxf6 exf6 4. e3 Bd6 5. g3 O-O 6. Bg2 c6 7. Ne2 f5 8. O-O Nd7 9. b3 Nf6 10. c4 dxc4 11. bxc4 Qe7 12. Nd2 Be6 13. c5 Bc7 14. Rb1 Rab8 15. Qc2 g6 16. Nc3 Rfd8 17. Qa4 a6 18. Rb2 Qd7 19. Rfb1 Qc8 20. Nc4 f4 21. gxf4 Bf5 22. Rc1 Bh3 23. Qd1 Bg4 24. Qf1 h5 25. Ne4 Nxe4 26. Bxe4 Qe6 27. f3 Bh3 28. Qe2 Re8 29. Rcb1 Qc8 30. Qc2 Be6 31. Bxg6 Kh8 32. Bxh5 Bxc4 33. Qxc4 Rxe3 34. Qxf7 Qg8+ 35. Kf2 Qxf7 36. Bxf7 Re7 37. Bc4 Bxf4 38. Bxa6 Be3+ 39. Kf1 Rf8 40. Rxb7 Rxf3+ 41. Ke2 Rf2+ 42. Kd3 Rd2+ 43. Kc3 Rxb7 44. Bxb7 Rxd4 45. Re1 Bf2 46. Rf1 Rf4 47. Bxc6 Bd4+ 48. Kd3 Rxf1 49. Kxd4 Kg7 50. Kd5 Rf2 51. a4 Kf6 52. Kd6 Rxh2 53. Bb5 Rd2+ 54. Kc7 Ke6 55. c6 Rh2 56. a5 Rh7+ 57. Kb6 Kd6 58. a6 Rh8 59. a7 Rf8 60. Ba6 1-0

[Event "WYCC 2018 O16"]
[Site "Halkidiki"]
[Date "2018.10.27"]
[Round "8"]
[White "Vatsal Singhania"]
[Black "Kamer, Kayra"]
[Result "0-1"]
[ECO "B41"]
[WhiteElo "2128"]
[BlackElo "2290"]
[Annotator "NA"]
[PlyCount "144"]
[EventDate "2018.10.20"]
[EventType "swiss"]
[EventCountry "GRE"]
[SourceTitle "playchess.com"]
[Source "ChessBase"]
[SourceQuality "1"]
[TimeControl "40/5400+30:1800+30"]

1. e4 c5 2. Nf3 e6 3. d4 cxd4 4. Nxd4 a6 5. c4 Nf6 6. Nc3 Qc7 7. a3 b6 8. Be3 Bb7 9. f3 Be7 10. Be2 O-O 11. Rc1 d6 12. O-O Nbd7 13. b4 Rac8 14. Qd2 Qb8 15. Rc2 Rfe8 16. Kh1 Ne5 17. Na4 Nfd7 18. Rb1 h5 19. Qc1 Qa8 20. Nb3 Bd8 21. c5 b5 22. Nb2 d5 23. exd5 Bxd5 24. Nd4 h4 25. h3 Nf6 26. Nd3 Ng6 27. Nf2 Nh5 28. Bd3 Ne5 29. Kg1 Nxd3 30. Nxd3 Bc7 31. Bf2 e5 32. Qg5 g6 33. Ne2 Bd8 34. Qh6 Bf6 35. Nc3 Rcd8 36. Rd2 Bxf3 37. gxf3 Qxf3 38. Qe3 Qxe3 39. Bxe3 e4 40. Nf4 Bxc3 41. Rxd8 Rxd8 42. Nxh5 gxh5 43. Kf2 Be5 44. Rg1+ Bg3+ 45. Ke2 Kf8 46. c6 Ke7 47. Rc1 Rc8 48. Bb6 f5 49. Rc5 Ke6 50. Ke3 Bd6 51. Rc2 Kd5 52. c7 f4+ 53. Ke2 Ke6 54. Rc1 Kd7 55. Rf1 Kc6 56. Ba5 Bxc7 57. Bxc7 Rxc7 58. Rxf4 Kd5 59. Kd2 Rg7 60. Rxh4 Rg5 61. Ke3 Rg3+ 62. Ke2 Rxa3 63. Rxh5+ Kd4 64. Rh6 Ra2+ 65. Kf1 Kc3 66. Re6 Kxb4 67. Rxe4+ Ka3 68. h4 a5 69. Re3+ Ka4 70. Rh3 b4 71. Ke1 b3 72. Kd1 Ra1+ 0-1

[Event "WYCC 2018 O16"]
[Site "Halkidiki"]
[Date "2018.10.27"]
[Round "8"]
[White "Alivodic, Dario"]
[Black "Sahidi, Samir"]
[Result "1/2-1/2"]
[ECO "E20"]
[WhiteElo "2082"]
[BlackElo "2315"]
[Annotator "NA"]
[PlyCount "131"]
[EventDate "2018.10.20"]
[EventType "swiss"]
[EventCountry "GRE"]
[SourceTitle "playchess.com"]
[Source "ChessBase"]
[SourceQuality "1"]
[TimeControl "40/5400+30:1800+30"]

1. d4 Nf6 2. c4 e6 3. Nc3 Bb4 4. f3 d5 5. a3 Bxc3+ 6. bxc3 b6 7. cxd5 exd5 8. e3 O-O 9. Bd3 c5 10. Ne2 Ba6 11. O-O Re8 12. Ng3 Qd7 13. Bf5 Qe7 14. Re1 Nc6 15. Qa4 Na5 16. e4 dxe4 17. Nxe4 Nxe4 18. Bxe4 Qf8 19. Be3 Bb7 20. dxc5 Bxe4 21. fxe4 Rec8 22. cxb6 axb6 23. Qb4 Nc4 24. Bd4 Nxa3 25. Qb3 b5 26. Rf1 Rc7 27. Rf5 h6 28. Raf1 Nc4 29. Qxb5 Nd6 30. Qe5 Re8 31. Qf4 Rxe4 32. Qf3 Nxf5 33. Qxe4 Nxd4 34. Qxd4 Qc8 35. Qd5 Rd7 36. Qb3 Qc5+ 37. Kh1 Rc7 38. Rc1 Rc8 39. h3 g6 40. Rf1 Rc7 41. Rc1 Kg7 42. c4 Qd4 43. Qb5 Rc5 44. Qb3 h5 45. Qc2 h4 46. Qc3 Qxc3 47. Rxc3 Kf6 48. Kg1 Ke5 49. Kf2 f5 50. Ke3 g5 51. Kd3 Rc8 52. Ra3 g4 53. hxg4 fxg4 54. Ke3 Rxc4 55. Ra5+ Kf6 56. Ra6+ Ke5 57. Ra5+ Ke6 58. Ra6+ Kd5 59. Ra5+ Kd6 60. Rh5 h3 61. gxh3 gxh3 62. Kf2 Rc3 63. Kg1 Ke6 64. Kh2 Kf6 65. Rxh3 Rxh3+ 66. Kxh3 1/2-1/2

[Event "WYCC 2018 O16"]
[Site "Halkidiki"]
[Date "2018.10.27"]
[Round "8"]
[White "Fernandez Garcia, Gumersindo"]
[Black "Morgunov, Daniel"]
[Result "1-0"]
[ECO "E73"]
[WhiteElo "2065"]
[BlackElo "2328"]
[Annotator "NA"]
[PlyCount "77"]
[EventDate "2018.10.20"]
[EventType "swiss"]
[EventCountry "GRE"]
[SourceTitle "playchess.com"]
[Source "ChessBase"]
[SourceQuality "1"]
[TimeControl "40/5400+30:1800+30"]

1. d4 Nf6 2. c4 g6 3. Nc3 Bg7 4. e4 d6 5. Be2 O-O 6. Be3 c6 7. g4 e5 8. d5 cxd5 9. cxd5 a5 10. h4 Na6 11. h5 Nc5 12. f3 Bd7 13. Qd2 Qe7 14. Nh3 Rfc8 15. Nf2 a4 16. Kf1 Rab8 17. Rc1 b5 18. Kg2 b4 19. Ncd1 Ne8 20. Nd3 Bb5 21. Nxc5 dxc5 22. b3 a3 23. Bxb5 Rxb5 24. Qe2 Nd6 25. hxg6 fxg6 26. Bf2 Ra5 27. Ne3 Nb5 28. Nc4 Ra6 29. Nxe5 Rb6 30. Nc6 Rcxc6 31. dxc6 Bd4 32. Qc4+ Kg7 33. Bxd4+ Nxd4 34. Qxd4+ cxd4 35. c7 Qg5 36. c8=Q Qd2+ 37. Kg3 g5 38. Qc7+ Kf8 39. Rxh7 1-0

[Event "WYCC 2018 O16"]
[Site "Halkidiki"]
[Date "2018.10.27"]
[Round "8"]
[White "Onslow, Alfie"]
[Black "Faerber, David"]
[Result "1/2-1/2"]
[ECO "B12"]
[WhiteElo "2037"]
[BlackElo "2279"]
[Annotator "NA"]
[PlyCount "77"]
[EventDate "2018.10.20"]
[EventType "swiss"]
[EventCountry "GRE"]
[SourceTitle "playchess.com"]
[Source "ChessBase"]
[SourceQuality "1"]
[TimeControl "40/5400+30:1800+30"]

1. e4 c6 2. d4 d5 3. e5 Bf5 4. h4 h5 5. Bd3 Bxd3 6. Qxd3 e6 7. Bg5 Qa5+ 8. Nd2 Ne7 9. Ngf3 Qa6 10. c4 Nd7 11. b3 $11 Nf5 12. Qc2 Bb4 13. O-O O-O 14. a3 Bxd2 15. Bxd2 Rfc8 16. Rfc1 dxc4 17. bxc4 b5 18. c5 Qb7 19. Ba5 Nf8 20. g3 Ng6 21. Qd2 Qd7 22. Rd1 Nge7 23. Qg5 g6 24. Rd3 Nd5 25. Qd2 Kg7 26. Ng5 a6 27. Ne4 Re8 28. Re1 Rab8 29. Rf3 Rh8 30. Kg2 Rbe8 31. Rd1 Rb8 32. Re1 Nxd4 33. Rd3 Nf5 34. Nf6 Qe7 35. Ne4 Rb7 36. Nd6 Rd7 37. Bc3 Rdd8 38. Ba5 Rd7 39. Bc3 1/2-1/2

[Event "WYCC 2018 O16"]
[Site "Halkidiki"]
[Date "2018.10.27"]
[Round "8"]
[White "Kim, Yunseo"]
[Black "Guerra Rivera, Salvador"]
[Result "0-1"]
[ECO "C41"]
[WhiteElo "1995"]
[BlackElo "2340"]
[Annotator "NA"]
[PlyCount "106"]
[EventDate "2018.10.20"]
[EventType "swiss"]
[EventCountry "GRE"]
[SourceTitle "playchess.com"]
[Source "ChessBase"]
[SourceQuality "1"]
[TimeControl "40/5400+30:1800+30"]

1. e4 e5 2. Nf3 d6 3. d4 exd4 4. Nxd4 Nf6 5. Nc3 Be7 6. Bc4 O-O 7. O-O c6 8. Re1 b5 9. Bf1 b4 10. Na4 c5 11. Nf3 Nc6 12. b3 Re8 13. Bb2 Bb7 14. e5 dxe5 15. Qxd8 Raxd8 16. Nxe5 Nxe5 17. Bxe5 Bc6 18. Rad1 Rxd1 19. Rxd1 Nd5 20. c4 Nf6 21. Bxf6 gxf6 22. Nb2 f5 23. Nd3 Rd8 24. Be2 Kg7 25. Ne5 Rxd1+ 26. Bxd1 Be4 27. f3 Bb7 28. Bc2 Kf6 29. Nd3 Bd6 30. Kf2 h5 31. g3 Bc6 32. Nf4 h4 33. Nd5+ Bxd5 34. cxd5 hxg3+ 35. hxg3 Ke5 36. Bd3 f4 37. gxf4+ Kd4 38. Bc4 a5 39. Bb5 Bxf4 40. Ke2 f6 41. Bc6 Kc3 42. Be8 c4 43. bxc4 Kb2 44. Kd3 Kxa2 45. Ke4 Bd6 46. Kf5 Kb3 47. Ke6 a4 48. Bxa4+ Kxa4 49. Kxd6 b3 50. c5 b2 51. c6 b1=Q 52. c7 Qb7 53. f4 Kb5 0-1

[Event "WYCC 2018 O16"]
[Site "Halkidiki"]
[Date "2018.10.27"]
[Round "8"]
[White "Loukopoulos, Panagiotis-Athanasi"]
[Black "Nielsen, Andre"]
[Result "0-1"]
[ECO "C50"]
[WhiteElo "1988"]
[BlackElo "2260"]
[Annotator "NA"]
[PlyCount "110"]
[EventDate "2018.10.20"]
[EventType "swiss"]
[EventCountry "GRE"]
[SourceTitle "playchess.com"]
[Source "ChessBase"]
[SourceQuality "1"]
[TimeControl "40/5400+30:1800+30"]

1. e4 e5 2. Nf3 Nc6 3. Bc4 Nf6 4. d3 Bc5 5. O-O d6 6. c3 O-O 7. Bg5 h6 8. Bh4 a6 9. Nbd2 Ba7 10. Bb3 Be6 11. Bc2 Kh8 12. Re1 Rg8 13. Bg3 Ne7 14. d4 Ng6 15. h3 Nh5 16. Nxe5 dxe5 17. Qxh5 exd4 18. Nf3 dxc3 19. bxc3 Qe7 20. Nd4 Rad8 21. Nxe6 Qxe6 22. Bb3 Qe7 23. e5 Kh7 24. e6 Qf6 25. exf7 Rgf8 26. Re2 Qxc3 27. Be5 Nxe5 28. Qxe5 Qxe5 29. Rxe5 Bd4 30. Rae1 Bxe5 31. Rxe5 Rd7 32. Bc2+ Kh8 33. Bg6 Rdxf7 34. Bxf7 Rxf7 35. Re8+ Kh7 36. Rb8 b6 37. Ra8 a5 38. Rd8 Kg6 39. Kf1 Kf6 40. Ke2 Ke6 41. Ke3 Rd7 42. Rg8 Kd5 43. f4 b5 44. a4 bxa4 45. Ra8 Kc4 46. Rxa5 Re7+ 47. Kf3 Kb4 48. Ra7 a3 49. g4 Kb3 50. Rb7+ Kc2 51. Ra7 Kb2 52. Rb7+ Ka1 53. f5 a2 54. Kf2 Re4 55. Rxc7 Kb2 0-1

[Event "WYCC 2018 O16"]
[Site "Halkidiki"]
[Date "2018.10.28"]
[Round "9"]
[White "Teclaf, Pawel"]
[Black "Petriashvili, Nikoloz"]
[Result "1/2-1/2"]
[ECO "B38"]
[WhiteElo "2384"]
[BlackElo "2343"]
[Annotator "NA"]
[PlyCount "130"]
[EventDate "2018.10.20"]
[EventType "swiss"]
[EventCountry "GRE"]
[SourceTitle "playchess.com"]
[Source "ChessBase"]
[SourceQuality "1"]
[TimeControl "40/5400+30:1800+30"]

1. Nf3 c5 2. e4 g6 3. d4 cxd4 4. Nxd4 Bg7 5. c4 Nc6 6. Be3 Nf6 7. Nc3 O-O 8. Be2 b6 9. O-O Bb7 10. f3 e6 11. Qd2 d5 12. Nxc6 Bxc6 13. cxd5 exd5 14. e5 Ne8 15. f4 f6 16. Bf3 fxe5 17. Nxd5 exf4 18. Bxf4 Kh8 19. Rac1 Bxd5 20. Bxd5 Rc8 21. Rcd1 Nf6 22. Bb7 Qxd2 23. Rxd2 Rcd8 24. Rxd8 Rxd8 25. Bf3 h6 26. Be5 Re8 27. Re1 Kh7 28. Bc3 Rxe1+ 29. Bxe1 Nd7 30. b3 Bd4+ 31. Kf1 Kg7 32. Ke2 Ne5 33. Be4 Kf6 34. Bd2 g5 35. h3 h5 36. Be3 Bxe3 37. Kxe3 h4 38. Bb7 Nf7 39. Kd4 Kf5 40. Ke3 Nd6 41. Ba8 Ke5 42. Kf3 Nf5 43. Kg4 Kf6 44. Bb7 Nd6 45. Bd5 Nb5 46. Bc4 Nc3 47. a4 Ne4 48. Be2 Nc5 49. Bd1 Nd3 50. Bc2 Ne5+ 51. Kh5 Nd7 52. Kg4 Ne5+ 53. Kh5 a5 54. Be4 Nd7 55. Kg4 Nc5 56. Bc2 Ne6 57. Bh7 Nd4 58. Bg8 Nc6 59. Bh7 Ne5+ 60. Kh5 Nd7 61. Kg4 Nc5 62. Bc2 Ne6 63. Bh7 Nd4 64. Bg8 Nf5 65. Bh7 Nd4 1/2-1/2

[Event "WYCC 2018 O16"]
[Site "Halkidiki"]
[Date "2018.10.28"]
[Round "9"]
[White "Lianes Garcia, Marcos"]
[Black "Perez Perez, Gabriel"]
[Result "1-0"]
[ECO "D45"]
[WhiteElo "2376"]
[BlackElo "2125"]
[Annotator "NA"]
[PlyCount "57"]
[EventDate "2018.10.20"]
[EventType "swiss"]
[EventCountry "GRE"]
[SourceTitle "playchess.com"]
[Source "ChessBase"]
[SourceQuality "1"]
[TimeControl "40/5400+30:1800+30"]

1. d4 d5 2. c4 c6 3. Nc3 Nf6 4. Nf3 e6 5. e3 Nbd7 6. b3 Bd6 7. Bb2 O-O 8. Qc2 Qe7 9. Be2 a6 $11 {[%emt 0:06:41] LiveBook: 47 Games} 10. O-O e5 11. dxe5 Nxe5 12. cxd5 cxd5 13. Rad1 Bg4 14. Nxd5 Nxd5 15. Rxd5 Nxf3+ 16. Bxf3 Bxf3 17. gxf3 Rfd8 18. Rfd1 Bc7 19. Qe4 Rxd5 20. Qxe7 Rxd1+ 21. Kg2 Rc8 22. Qg5 f6 23. Bxf6 g6 24. Qh6 Rd7 25. Qh3 Rcd8 26. Bxd8 Rxd8 27. Qe6+ Kf8 28. Qf6+ Ke8 29. Qh8+ 1-0

[Event "WYCC 2018 O16"]
[Site "Halkidiki"]
[Date "2018.10.28"]
[Round "9"]
[White "Schitco, Ivan"]
[Black "Stevanic, David"]
[Result "0-1"]
[ECO "E70"]
[WhiteElo "2376"]
[BlackElo "2281"]
[Annotator "NA"]
[PlyCount "114"]
[EventDate "2018.10.20"]
[EventType "swiss"]
[EventCountry "GRE"]
[SourceTitle "playchess.com"]
[Source "ChessBase"]
[SourceQuality "1"]
[TimeControl "40/5400+30:1800+30"]

1. d4 Nf6 2. c4 g6 3. Nc3 Bg7 4. e4 d6 5. Nge2 O-O 6. Ng3 a6 7. Be2 {[%emt 0:00:16] E70: Königsindisch (Weiß spielt früh e2-e4)} c5 8. dxc5 dxc5 9. Be3 b6 $146 ({Vorgänger:} 9... Nfd7 10. f4 Bxc3+ 11. bxc3 Nc6 12. e5 Qa5 13. Ne4 Rd8 14. Qc1 Nd4 {½-½ (44) Kunin,V (2513)-Khruschiov,A (2421) Moscow 2012}) 10. e5 Qxd1+ 11. Rxd1 Ng4 12. Bxg4 Bxg4 13. f3 Be6 14. Na4 Nd7 15. Rxd7 Bxd7 16. Nxb6 Ra7 17. f4 Be6 18. Bxc5 Rc7 19. b4 $17 Rd8 20. Ke2 f6 21. Rf1 fxe5 22. f5 gxf5 23. Nxf5 Bxf5 24. Rxf5 e6 25. Rg5 a5 26. a3 Kf7 27. Be3 axb4 28. axb4 Ra7 29. Kf3 Ra3 30. Rg3 Bh6 31. Ke4 Rxe3+ 32. Rxe3 Rd4+ 33. Kf3 Bxe3 34. Kxe3 Ke7 35. b5 Kd6 36. Nc8+ Kd7 37. Na7 Rxc4 38. Nc6 Rc5 39. Ke4 Rxb5 40. Nxe5+ Ke7 41. Nf3 Kf6 42. h3 Rb4+ 43. Ke3 h5 44. Nd4 e5 45. Nf3 Kf5 46. Nd2 Ra4 47. Nf3 Ra3+ 48. Kf2 e4 49. Nd4+ Ke5 50. Ne2 Rb3 51. h4 Ra3 52. Ng3 Rxg3 53. Kxg3 Kd4 54. Kf2 Kd3 55. Ke1 Ke3 56. g4 hxg4 57. h5 g3 0-1